 Dungeon Crawl Stone Soup version 0.28.0-53-g5a82cb258f (webtiles) character file.

Game seed: 486604704195423290

5318 H0rd4k the Basher (level 10, -3/76 HPs)
             Began as a Human Artificer on May 25, 2022.
             Was an Initiate of Gozag.
             Slain by a two-headed ogre
             ... wielding a +0 giant club
              (21 damage)
             ... on level 10 of the Dungeon.
             The game lasted 00:18:10 (13165 turns).

H0rd4k the Basher (Human Artificer)                Turns: 13165, Time: 00:18:11

Health: -3/76      AC:  9    Str: 12    XL:     10   Next: 95%
Magic:  17/17      EV: 16    Int: 16    God:    Gozag
Gold:   910        SH:  0    Dex: 20    Spells: 14/19 levels left

rFire   . . .      SeeInvis +   F - +2 flail (drain)
rCold   + + +      Faith    .   (no shield)
rNeg    . . .      Spirit   .   v - +4 skin of Zhor {*Englaciate rC+++ SInv}
rPois   .          Reflect  .   (no helmet)
rElec   .          Harm     .   D - +1 cloak
rCorr   .          Rampage  .   (no gloves)
Will    .....                   I - +0 pair of boots {Fly}
Stlth   ++........              (no amulet)
HPRegen 0.22/turn               i - +6 ring of dexterity
MPRegen 0.15/turn               H - ring of wizardry

@: about to teleport, flying
A: no striking features
a: Renounce Religion, Potion Petition, Call Merchant, Bribe Branch


You were on level 10 of the Dungeon.
You worshipped Gozag.
Gozag was pleased with you.
You visited 2 branches of the dungeon, and saw 11 of its levels.

You collected 1143 gold pieces.
You spent 135 gold pieces at shops.
You paid 98 gold pieces to Gozag.

Inventory:

Hand Weapons
 o - a +2 whip of electrocution
 F - a +2 flail of draining (weapon)
Missiles
 l - 32 poisoned darts
Armour
 t - a +1 scale mail of poison resistance
 v - the +4 skin of Zhor (worn) {*Englaciate rC+++ SInv}
   (You found it on level 4 of the Dungeon)

   It radiates cold, occasionally slowing all nearby creatures who are not
   resistant to cold.
   rC:        It renders you almost immune to cold.
   SInv:      It lets you see invisible.
 D - a +1 cloak (worn)
 I - a +0 pair of boots of flying (worn)
Jewellery
 i - a +6 ring of dexterity (left hand)
 H - a ring of wizardry (right hand)
Wands
 c - a wand of flame (9) (quivered)
 d - a wand of polymorph (23)
Scrolls
 b - 2 scrolls of amnesia {unknown}
 f - 3 scrolls of blinking {unknown}
 g - a scroll of silence {unknown}
 k - 3 scrolls of fog
 p - 4 scrolls of magic mapping {unknown}
 q - a scroll of noise {unknown}
 s - 2 scrolls of fear {unknown}
 u - 3 scrolls of teleportation
 x - a scroll of acquirement {unknown}
 y - 2 scrolls of enchant weapon {unknown}
 E - a scroll of enchant armour {unknown}
 K - a scroll of vulnerability {unknown}
Potions
 a - 6 potions of curing
 h - 2 potions of brilliance
 j - a potion of flight {unknown}
 m - 3 potions of might
 n - a potion of magic {unknown}
 r - 3 potions of degeneration
 w - a potion of haste {unknown}
 z - a potion of invisibility
 A - a potion of heal wounds {unknown}
 B - 2 potions of mutation
 G - a potion of lignification {unknown}
Miscellaneous
 e - a piece from Xom's chessboard (14/15)


   Skills:
 + Level 5.7 Fighting
 + Level 9.1 Maces & Flails
 - Level 2.0 Armour
 + Level 6.9 Dodging
 - Level 1.0 Stealth
 + Level 1.2 Unarmed Combat
 * Level 5.2 Spellcasting
 + Level 4.4 Translocations
 + Level 5.1 Evocations


You had 14 spell levels left.
You knew the following spells:

 Your Spells              Type           Power      Damage    Failure   Level
a - Blink                 Tloc           36%        N/A       1%          2
b - Teleport Other        Tloc           18%        N/A       3%          3

Your spell library contained the following spells:

 Spells                   Type           Power      Damage    Failure   Level
 Apportation              Tloc           36%        N/A       1%          1
 Gell's Gravitas          Tloc           18%        N/A       3%          3
 Animate Skeleton         Necr           8%         N/A       6%          1
 Beastly Appendage        Tmut           8%         N/A       6%          1
 Freeze                   Ice            16%        1d4       6%          1
 Magic Dart               Conj           16%        1d3       6%          1
 Sandblast                Erth           8%         2d5       6%          1
 Summon Small Mammal      Summ           16%        N/A       6%          1
 Call Imp                 Summ           4%         N/A       9%          2
 Passwall                 Tmut/Erth      3%         N/A       9%          2
 Sublimation of Blood     Necr           4%         N/A       9%          2
 Wereblood                Tmut           4%         N/A       9%          2
 Passage of Golubria      Tloc           18%        N/A       10%         4
 Frozen Ramparts          Ice            8%         1d2       17%         3
 Mephitic Cloud           Conj/Pois/Air  4%         N/A       17%         3
 Ozocubu's Armour         Ice            4%         N/A       17%         3
 Spider Form              Tmut/Pois      4%         N/A       17%         3
 Stone Arrow              Conj/Erth      8%         3d7       17%         3
 Tukima's Dance           Hex            4%         N/A       17%         3
 Iskenderun's Mystic Bla  Conj/Tloc      11%        2d4       24%         4
 Manifold Assault         Tloc           18%        N/A       26%         5
 Fulminant Prism          Conj/Hex       2%         3d6       50%         4
 Hailstorm                Conj/Ice       4%         3d4       50%         4
 Dispersal                Tloc           9%         N/A       80%         6
 Lee's Rapid Deconstruct  Erth           2%         3d5*      82%         5
 Yara's Violent Unravell  Hex/Tmut       2%         3d3       82%         5
 Ozocubu's Refrigeration  Ice            2%         4d5       100%        7
 Storm Form               Tmut/Air       2%         N/A       100%        7
 Summon Hydra             Summ           2%         N/A       100%        7


Dungeon Overview and Level Annotations

Branches:
Dungeon (10/15)            Temple (1/1) D:6
   Lair: D:8-11         Orc: D:9-12

Altars:
Ashenzari
Cheibriados
Dithmenos
Elyvilon
Fedhas
Gozag
Hepliaklqana
Kikubaaqudgha
Makhleb
Nemelex Xobeh
Qazlal
Ru
Sif Muna
Trog
Uskayaw
Wu Jian
Xom
Yredelemnul
Zin

Shops:
D:5 [!

Portals:
Bailey: D:10

Annotations:
D:3 exclusion: downstairs
D:4 Dowan, Duvessa
D:6 exclusion: downstairs
D:7 2 transporters, 1 runed translucent door, exclusions: door and downstairs, Crazy Yiuf; spica's ghost, novice MiBe


Message History

The iceblast engulfs the two-headed ogre!
The two-headed ogre is moderately wounded.
The now-empty wand crumbles to dust.
You hear two shouts!
An ogre mage comes into view. It is wielding a +0 halberd.
You hit the two-headed ogre but do no damage.
The two-headed ogre is moderately wounded.
The two-headed ogre closely misses you.
The two-headed ogre hits you with a +0 giant spiked club!
You hit the two-headed ogre. You drain the two-headed ogre.
The two-headed ogre is heavily wounded.
A two-headed ogre comes into view.
It is wielding a +0 giant club and a +0 giant spiked club.
The ogre mage casts a spell at the two-headed ogre.
The two-headed ogre seems to speed up.
You hear the faint creaking of a portcullis.
You hit the two-headed ogre. You drain the two-headed ogre.
The two-headed ogre is heavily wounded.
The two-headed ogre barely misses you. The two-headed ogre misses you.
You thump the two-headed ogre!
The two-headed ogre is severely wounded.
The ogre mage casts a spell at the two-headed ogre.
The two-headed ogre seems to speed up.
The two-headed ogre barely misses you.
The two-headed ogre hits you with a +0 giant spiked club!
Unknown command.
You make a move on Xom's chessboard...
The ogre mage resists with almost no effort.
The two-headed ogre hits you with a +0 giant club!
The two-headed ogre hits you with a +0 giant spiked club!
The ogre mage hits you from afar with a +0 halberd.
Unknown command.
The ogre mage mumbles some strange words.
The ogre mage flickers and vanishes for a moment.
The two-headed ogre closely misses you. x2
As you read the scroll of teleportation, it crumbles to dust.
You feel strangely unstable.
The two-headed ogre hits you with a +0 giant club!
* * * LOW HITPOINT WARNING * * *
The two-headed ogre hits you with a +0 giant spiked club!!
You die...
Your body crumbles into a pile of gold.

.####..............# .
...#..............# #.#
##.#..............### ..
..................(.
#.##.##.#^.............#
........#..............#
.......<#..............#
.....................[.#
...##.##.......O@..<...#
# #. #.....#.####....# #
#.....#.# #....#
#.....#O# #....###+####
......#O####...........#
#.######O##.............#
#. #.##..)..#.......#
#....)∩).#.......#
#.#...)..........#


You could see a two-headed ogre (fast, drained).

Vanquished Creatures
  2 two-headed ogres (D:9)
  Joseph (D:7)
  A troll (D:9)
  Sigmund (D:6)
  Eustachio (D:6)
  3 steam dragons
  An acid dragon (D:9)
  2 water moccasins
  2 orc warriors
  A black bear (D:5)
  A sky beast (D:7)
  2 necrophages
  3 ogres
  3 centaurs
  3 kobold brigands
  A bullfrog (D:7)
  2 gnoll sergeants
  2 scorpions
  A wight (D:7)
  3 howler monkeys
  A bullfrog zombie (D:6)
  A centaur zombie (D:9)
  A hound (D:7)
  3 jellies
  4 orc priests
  A gnoll shaman (D:6)
  Terence (D:3)
  An iguana (D:5)
  3 orc wizards
  3 killer bee zombies
  12 gnolls
  7 adders
  A howler monkey skeleton (D:5)
  2 white imps (D:7)
  An ufetubus (D:6)
  An adder zombie (D:5)
  A worm (D:3)
  8 dart slugs
  22 orcs
  8 ball pythons
  4 bats
  6 endoplasms
  3 giant cockroaches
  8 goblins
  3 hobgoblins
  3 jackals (D:3)
  14 kobolds
  2 quokkas
  5 frilled lizards
  3 rats
169 creatures vanquished.

Vanquished Creatures (collateral kills)
  7 gnolls
  A dart slug (D:4)
  An orc (D:5)
9 creatures vanquished.

Vanquished Creatures (others)
  A gnoll shaman (D:6)
  A gnoll (D:6)
2 creatures vanquished.

Grand Total: 180 creatures vanquished

Notes
Turn   | Place    | Note
-------+----------+-------------------------------------------
     0 | D:1      | H0rd4k the Human Artificer began the quest for the Orb.
     0 | D:1      | Reached XP level 1. HP: 15/15 MP: 1/1
   258 | D:1      | Reached XP level 2. HP: 15/21 MP: 2/2
  1103 | D:1      | Reached XP level 3. HP: 25/26 MP: 3/3
  1958 | D:2      | Reached skill level 1 in Maces & Flails
  2217 | D:2      | Reached XP level 4. HP: 31/32 MP: 4/4
  3341 | D:3      | Noticed Terence
  3348 | D:3      | Killed Terence
  3349 | D:3      | Reached skill level 2 in Maces & Flails
  3349 | D:3      | Reached XP level 5. HP: 28/37 MP: 5/5
  3483 | D:3      | Found a faded altar of an unknown god.
  4302 | D:4      | Noticed a two-headed ogre
  4809 | D:4      | Found the +4 skin of Zhor {*Englaciate rC+++ SInv}
  4974 | D:4      | Noticed Dowan
  4975 | D:4      | Noticed Duvessa
  5073 | D:5      | Entered Level 5 of the Dungeon
  5221 | D:5      | Reached XP level 6. HP: 43/43 MP: 6/6
  5252 | D:5      | Reached skill level 3 in Maces & Flails
  5280 | D:5      | Noticed an ogre
  5284 | D:5      | Killed an ogre
  5503 | D:5      | Reached XP level 7. HP: 37/50 MP: 7/7
  5505 | D:5      | Reached skill level 4 in Maces & Flails
  5594 | D:5      | Noticed a water moccasin
  5600 | D:5      | Killed a water moccasin
  5608 | D:5      | Learned a level 2 spell: Blink
  5623 | D:5      | Found Kaas's Antique Armour Shop.
  5864 | D:5      | Reached skill level 5 in Maces & Flails
  5864 | D:5      | Reached skill level 1 in Spellcasting
  5864 | D:5      | Reached skill level 1 in Translocations
  5864 | D:5      | Reached XP level 8. HP: 57/57 MP: 9/9
  5918 | D:5      | Found Enkozxic's Distillery.
  6277 | D:6      | Found a staircase to the Ecumenical Temple.
  6293 | Temple   | Entered the Ecumenical Temple
  6468 | Temple   | Became a worshipper of Gozag Ym Sagoz the Greedy
  6594 | D:6      | Noticed Sigmund
  6640 | D:6      | Killed Sigmund
  6964 | D:6      | Reached skill level 6 in Maces & Flails
  7177 | D:6      | Reached XP level 9. HP: 59/64 MP: 12/12
  7702 | D:6      | Noticed Eustachio
  8165 | D:6      | Killed Eustachio
  8166 | D:6      | Reached skill level 5 in Dodging
  8321 | D:7      | Found a transporter.
  8331 | D:7      | Found a transporter.
  8336 | D:7      | Noticed a purple ugly thing
  8336 | D:7      | Noticed spica's ghost (novice MiBe)
  8365 | D:7      | Learned a level 3 spell: Teleport Other
  8618 | D:7      | Reached skill level 1 in Unarmed Combat
  8622 | D:7      | Reached skill level 7 in Maces & Flails
  9978 | D:7      | Identified the +0 ring mail "Musmuo" {rPois}
 10178 | D:7      | Noticed a large abomination
 10304 | D:7      | Found a runed translucent door.
 10305 | D:7      | Noticed Crazy Yiuf
 10324 | D:7      | Noticed Joseph
 10380 | D:5      | Bought a pair of runed boots for 135 gold pieces
 10452 | D:7      | Killed Joseph
 10453 | D:7      | Reached XP level 10. HP: 42/73 MP: 15/15
 10951 | D:8      | Reached skill level 5 in Fighting
 12187 | D:9      | Found a shadowy altar of Dithmenos.
 12209 | D:9      | Reached skill level 8 in Maces & Flails
 12217 | D:9      | Noticed a two-headed ogre
 12220 | D:9      | Killed a two-headed ogre
 12556 | D:9      | Noticed a two-headed ogre
 12561 | D:9      | Killed a two-headed ogre
 12562 | D:9      | Reached skill level 9 in Maces & Flails
 12562 | D:9      | Reached skill level 5 in Spellcasting
 12562 | D:9      | Reached skill level 5 in Evocations
 13108 | D:10     | Entered Level 10 of the Dungeon
 13123 | D:10     | Found a flagged portal.
 13145 | D:10     | Noticed a two-headed ogre
 13145 | D:10     | Noticed a two-headed ogre
 13147 | D:10     | Noticed an ogre mage
 13150 | D:10     | Noticed a two-headed ogre
 13165 | D:10     | Slain by a two-headed ogre

Illustrated notes

Levels and vault maps discovered:
D:1:      elethiomel_arrival_infinity_welcomes_careful_drivers,
          layout_loops_cross
D:2:      layout_loops_ring, nicolae_elevator_lobby_asterisk
D:3:      layout_loops_corners, shapermc_ecumenical_altar_ellora, uniq_terence
D:4:      kennysheep_slugbush, layout_basic, st_stairs_4, uniq_blork_the_orc,
          uniq_duvessa
D:5:      layout_basic, serial_shops, nicolae_lakefront_shop, nicolae_shop_trees
D:6:      layout_cave_pods, minmay_temple_entry_grid, uniq_eustachio,
          uniq_sigmund
D:7:      minmay_bubble_buster, layout_gridville,
          gammafunk_ghost_abyssal_escape, minmay_starry_boxes,
          uniq_crazy_yiuf_cottage, uniq_joseph
D:8:      layout_layer_cave
D:9:      layout_rooms, lemuel_crystal_altar
D:10:     layout_basic, minmay_lair_entry_grove,
          kennysheep_orc_monster_closet_entryway, serial_shops, shop,
          enter_bailey_2, minivault_12
Temple:   mainiacjoe_temple_starburst

Skill      XL: |  1  2  3  4  5  6  7  8  9 10 |
---------------+-------------------------------+-----
Maces & Flails | 1 2 3 5 6 7 9 |  9.1
Dodging        | 2 3 4 6 |  6.9
Fighting       | 2 3 4 5 |  5.7
Evocations     | 4 5 |  5.1
Spellcasting   | 1 2 3 5 |  5.2
Translocations | 1 2 4 |  4.4
Unarmed Combat | 1 |  1.2
Armour         | |  2.0
Stealth        | |  1.0

Action                   |  1- 3 |  4- 6 |  7- 9 | 10-12 || total
-------------------------+-------+-------+-------+-------++-------
Melee: Club              |   119 |    35 |       |       ||   154
       Punch             |     2 |     1 |     5 |     6 ||    14
       Whip              |       |   114 |   309 |    27 ||   450
       Unarmed           |       |       |     3 |       ||     3
       Flail             |       |       |       |   111 ||   111
Evoke: Wand              |     2 |     9 |    10 |    12 ||    33
       Piece from Xom's  |       |       |     3 |     1 ||     4
  Use: Scroll            |       |       |       |     8 ||     8
 Stab: Sleeping          |     5 |     1 |     3 |     1 ||    10
       Distracted        |       |       |     1 |     2 ||     3
Armor: Leather armour    |    40 |    30 |       |       ||    70
       Scale mail        |       |     9 |       |       ||     9
       Animal skin       |       |     3 |    46 |    34 ||    83
Dodge: Dodged            |    92 |    88 |   188 |   104 ||   472
